 Dungeon Crawl Stone Soup version 0.29-a0-67-g1d65ae1bb4 (webtiles) character file.

Game seed: 17822842470369399114

324 Essalna the Digger (level 6, -3/32 HPs)
             Began as a Gargoyle Earth Elementalist on Feb 3, 2022.
             Slain by a gnoll (4 damage)
             ... on level 5 of the Dungeon.
             The game lasted 00:11:35 (5057 turns).

Essalna the Digger (Gargoyle Earth Elementalist)    Turns: 5057, Time: 00:11:36

Health: -3/32      AC: 10    Str: 18    XL:     6   Next: 48%
Magic:  6/12       EV: 11    Int: 17    God:
Gold:   138        SH:  0    Dex: 10    Spells: 7/13 levels left

rFire   . . .      SeeInvis .   d - +0 dagger
rCold   . . .      Faith    .   (no shield)
rNeg    + . .      Spirit   .   b - +0 robe
rPois   ∞          Reflect  .   o - +1 helmet
rElec   +          Harm     .   (no cloak)
rCorr   .          Rampage  .   h - +0 pair of gloves
Will    .....                   j - +0 pair of boots
Stlth   +.........              (no amulet)
HPRegen 0.10/turn               r - +6 ring of strength
MPRegen 0.13/turn               (no ring)

@: confused, ambrosia-drunk, hasted, very quick
A: sickness immunity, AC +4, negative energy resistance 1, electricity
resistance, torment resistance 1, petrification resistance
a: no special abilities


You were on level 5 of the Dungeon.
You visited 1 branch of the dungeon, and saw 5 of its levels.

You collected 138 gold pieces.

Inventory:

Hand Weapons
 d - a +0 dagger (weapon)
 u - a +0 vampiric battleaxe
Missiles
 s - 8 stones
Armour
 b - a +0 robe (worn)
 h - a +0 pair of gloves (worn)
 j - a +0 pair of boots (worn)
 o - a +1 helmet (worn)
Jewellery
 r - a +6 ring of strength (left hand)
Wands
 p - a wand of paralysis (4)
 t - a wand of acid (10)
Scrolls
 g - a scroll of identify
 k - a scroll of enchant armour
 m - a scroll of noise
Potions
 a - a potion of mutation
 e - a potion of might {unknown}
 l - a potion of heal wounds {unknown}
 v - a potion of degeneration {unknown}


   Skills:
 - Level 1.5 Dodging
 - Level 2.1 Stealth
 + Level 4.0 Spellcasting
 + Level 3.3 Conjurations
 - Level 0.7 Transmutations
 + Level 5.9 Earth Magic


You had 7 spell levels left.
You knew the following spells:

 Your Spells              Type           Power      Damage    Failure   Level
a - Sandblast             Erth           46%        2d11      1%          1
b - Passwall              Tmut/Erth      11%        N/A       6%          2
c - Stone Arrow           Conj/Erth      38%        3d9       7%          3

Your spell library contained the following spells:

 Spells                   Type           Power      Damage    Failure   Level
 Petrify                  Tmut/Erth      14%        N/A       38%         4
 Tukima's Dance           Hex            3%         N/A       43%         3
 Passage of Golubria      Tloc           3%         N/A       83%         4
 Yara's Violent Unravell  Hex/Tmut       2%         3d3       98%         5


Dungeon Overview and Level Annotations

Branches:
Dungeon (5/15)             Temple (0/1) D:5

Altars:
Ashenzari

Shops:
D:2 :

Annotations:
D:4 Pikel


Innate Abilities, Weirdness & Mutations

You are immune to sickness and miasma.
Your stone body is resilient. (AC +4)
You are immune to poison.
You resist negative energy. (rN+)
You are resistant to electric shocks. (rElec)
You are resistant to unholy torment.
You are immune to petrification.


Message History

Your +0 helmet glows green for a moment.
A gnoll comes into view. It is wielding a +0 flail.
The white imp barely misses you.
As you read the scroll labelled JAULAOHODD, it crumbles to dust.
You hear a loud clanging noise!
It was a scroll of noise.
You hear an angry hiss.
The gnoll sergeant hits you from afar with a +1 spear of flaming.
The gnoll sergeant burns you. The white imp barely misses you.
As you read the scroll labelled LIOGUU FAUJUC, it crumbles to dust.
You feel aware of your surroundings.
It was a scroll of magic mapping.
The gnoll sergeant barely misses you. The white imp gestures at you.
The puff of frost misses you. The puff of frost hits you.
The gnoll sergeant hits you from afar with a +1 spear of flaming.
* * * LOW HITPOINT WARNING * * *
The gnoll sergeant burns you.
* * * LOW HITPOINT WARNING * * *
The gnoll closely misses you.
The white imp hits you but does no damage.
The gnoll sergeant hits you but does no damage.
The gnoll hits you but does no damage.
The gnoll hits you from afar with a +0 spear.
* * * LOW HITPOINT WARNING * * *
The white imp gestures at you. The puff of frost hits you.
* * * LOW HITPOINT WARNING * * *
There is a stone staircase leading up here.
It was a potion of haste.
You feel yourself speed up. The gnoll sergeant barely misses you.
The gnoll hits you but does no damage. The gnoll completely misses you.
The gnoll closely misses you.
The white imp hits you but does no damage.
It was a potion of ambrosia.
You are confused.
You feel invigorated.
The gnoll sergeant completely misses you.
The gnoll hits you with a +0 whip.
* * * LOW HITPOINT WARNING * * *
The gnoll hits you with a +0 whip.
You die...

*,,,* *** *
*,,*****,****
*,,,*,,,,,,**
*,,,,,,,,,,**
*,,,*,,,,,,**
*,,,*,,,,,,,, ###
*,,,,,,,,,,,,
#.##****,,,,,,*,*,,
##g@#*,,,,,,,,,**,,,
*#.g5#*,,,,,,,,,***,,
#..gg#,,,,,,,,,,,*,,,
##..g.,,,,,,^,,,,,,,,
#......,,<,,,,,,,,,,,
#.......,,,,,,,,,,*,,
##.......,,,,,,,****,
*.........,,,,,,***,,
##..##.....,,,*,,,,,,


You could see a gnoll sergeant, 4 gnolls and a white imp.

Vanquished Creatures
  A scorpion (D:5)
  A gnoll shaman (D:4)
  2 iguanas
  10 gnolls
  3 adders (D:2)
  A worm (D:2)
  A dart slug (D:1)
  6 orcs
  A giant cockroach (D:1)
  2 goblins
  7 hobgoblins
  9 kobolds
  A quokka (D:3)
  7 ball pythons
  9 bats
  3 frilled lizards
  6 rats
70 creatures vanquished.

Notes
Turn   | Place    | Note
-------+----------+-------------------------------------------
     0 | D:1      | Essalna the Gargoyle Earth Elementalist began the quest for
                  | the Orb.
     0 | D:1      | Reached XP level 1. HP: 10/10 MP: 3/3
   225 | D:1      | Reached XP level 2. HP: 15/15 MP: 1/5
   453 | D:1      | Reached skill level 4 in Earth Magic
  1399 | D:1      | Reached XP level 3. HP: 18/19 MP: 4/6
  1402 | D:1      | Learned a level 2 spell: Passwall
  1406 | D:1      | Learned a level 3 spell: Stone Arrow
  2140 | D:2      | Found a faded altar of an unknown god.
  2211 | D:2      | Reached skill level 1 in Conjurations
  2322 | D:2      | Found a broken altar of Ashenzari.
  2483 | D:2      | Found Loblo's Book Boutique.
  2540 | D:2      | Reached XP level 4. HP: 24/24 MP: 6/8
  3172 | D:3      | Reached skill level 5 in Earth Magic
  3355 | D:3      | Reached XP level 5. HP: 28/28 MP: 5/9
  3766 | D:3      | Paralysed by a gnoll for 5 turns
  3776 | D:3      | Paralysed by a gnoll for 5 turns
  4601 | D:4      | Noticed a lemure
  4601 | D:4      | Noticed a lemure
  4601 | D:4      | Noticed a lemure
  4602 | D:4      | Noticed a lemure
  4603 | D:4      | Noticed Pikel
  4694 | D:4      | Reached XP level 6. HP: 32/32 MP: 4/11
  4912 | D:5      | Entered Level 5 of the Dungeon
  5057 | D:5      | HP: 1/32 [gnoll (3)]
  5057 | D:5      | Slain by a gnoll

Illustrated notes

Levels and vault maps discovered:
D:1:      kennysheep_arrival_forest, layout_basic, minmay_tromino_v7
D:2:      layout_basic, serial_curves, eino_curves_01, eino_curves_04,
          eino_curves_01, eino_curves_03, shapermc_ecumenical_altar_acropolis,
          serial_shops, shop, basic_altar, palyth_stone_intersect,
          dk_noncrumbling_3
D:3:      layout_basic, minmay_pentomino_pile
D:4:      minmay_skewed_foursquare, layout_basic, hex_tiny,
          minmay_misc_feat_five, kennysheep_generic_room_15, uniq_pikel
D:5:      layout_cave_pools, minmay_temple_entry_hall, minivault_14,
          uniq_sigmund

Skill      XL: |  1  2  3  4  5  6 |
---------------+-------------------+-----
Earth Magic    | 4 5 |  5.9
Conjurations   | 1 2 3 |  3.3
Spellcasting   | 3 4 |  4.0
Dodging        | |  1.5
Stealth        | |  2.1
Transmutations | |  0.7

Action                   |  1- 3 |  4- 6 || total
-------------------------+-------+-------++-------
Melee: Unarmed           |    15 |       ||    15
       Dagger            |    61 |    49 ||   110
       Punch             |     1 |       ||     1
 Cast: Sandblast         |    42 |    14 ||    56
       Stone Arrow       |       |    38 ||    38
  Use: Scroll            |       |     6 ||     6
       Potion            |       |     2 ||     2
 Stab: Sleeping          |     2 |       ||     2
Armor: Robe              |    42 |    37 ||    79
Dodge: Dodged            |    52 |    71 ||   123

Table legend: (Time is in decaauts)
 A = Elapsed time spent in this place.
 B = Non-inter-level travel time spent in this place.
 C = Inter-level travel time spent in this place.
 D = Time resting spent in this place.
 E = Time spent auto-exploring this place.
 F = Levels seen in this place.
 G = Mean time per level.
                   A        B        C        D        E       F      G
               +--------+--------+--------+--------+--------+-----+--------+
         Total |   5058 |   4915 |    143 |    258 |   3908 |   5 | 1011.6 |
       Dungeon |   5058 |   4915 |    143 |    258 |   3908 |   5 | 1011.6 |
               +--------+--------+--------+--------+--------+-----+--------+

Top non-repeatable levels by time:
     D:2: 1645 daAuts
     D:1: 1532 daAuts
     D:3: 1470 daAuts
     D:4: 265 daAuts
     D:5: 144 daAuts
